 Dungeon Crawl Stone Soup version 0.29.0-13-gc9e81de378 (webtiles) character file.

Game seed: 7511749633962021426

35 Artool the Cudgeller (level 3, -1/28 HPs)
             Began as a Demonspawn Gladiator on Sept 7, 2022.
             Slain by Robin
             ... wielding a +0 falchion
              (6 damage)
             ... on level 2 of the Dungeon.
             The game lasted 00:04:41 (1149 turns).

Artool the Cudgeller (Demonspawn Gladiator)         Turns: 1149, Time: 00:04:41

Health: -1/28      AC:  6    Str: 16    XL:     3   Next: 16%
Magic:  3/3        EV: 12    Int:  9    God:
Gold:   98         SH:  0    Dex: 14    Spells: 2/2 levels left

rFire   . . .      SeeInvis .   a - +0 flail
rCold   . . .      Faith    .   (no shield)
rNeg    . . .      Spirit   .   b - +0 leather armour
rPois   .          Reflect  .   c - +0 helmet
rElec   .          Harm     .   (no cloak)
rCorr   .          Rampage  .   (no gloves)
Will    .....                   (no boots)
Stlth   +.........              (no amulet)
HPRegen 0.09/turn               (no ring)
MPRegen 0.08/turn               (no ring)

@: no status effects
A: slimy green scales 1
a: no special abilities


You were on level 2 of the Dungeon.
You visited 1 branch of the dungeon, and saw 2 of its levels.

You collected 98 gold pieces.

Inventory:

Hand Weapons
 a - a +0 flail (weapon)
Missiles
 d - 3 throwing nets
 e - a javelin
 f - 8 poisoned darts (quivered)
Armour
 b - a +0 leather armour (worn)
 c - a +0 helmet (worn)
Scrolls
 g - a scroll of butterflies {unknown}
 h - a scroll of identify {unknown}
Potions
 i - a potion of curing
 j - a potion of lignification {unknown}


   Skills:
 + Level 2.4 Fighting
 + Level 3.0 Maces & Flails
 - Level 2.0 Throwing
 + Level 1.0 Armour
 + Level 3.0 Dodging


You had 2 spell levels left.
You didn't know any spells.
Your spell library was empty.

Dungeon Overview and Level Annotations

Branches:
Dungeon (2/15)

Altars:

Annotations:
D:2 Robin


Innate Abilities, Weirdness & Mutations

You are partially covered in slimy green scales. (AC +2)


Message History

The goblin is heavily wounded.
The goblin closely misses you. The goblin barely misses you.
You hit the goblin.
You kill the goblin!
No target in view!
You climb downwards.
Level annotation: Robin
There is a stone staircase leading up here.
Robin hits you but does no damage.
You hit Robin.
Robin is moderately wounded.
Robin misses you.
You closely miss Robin.
Robin is moderately wounded.
Robin barely misses you. Robin hits you with a +0 falchion.
You hit Robin.
Robin is heavily wounded.
Robin hits you with a +0 falchion.
You hit Robin.
Robin is severely wounded.
Robin hits you with a +0 falchion.
You are too injured to fight recklessly!
You are too injured to fight recklessly!
You are too injured to fight recklessly!
You are too injured to fight recklessly!
You are too injured to fight recklessly!
You are too injured to fight recklessly!
You hit Robin.
Robin is almost dead.
Robin hits you with a +0 falchion.
* * * LOW HITPOINT WARNING * * *
You barely miss Robin.
Robin is almost dead.
Robin barely misses you.
You hit Robin but do no damage.
Robin is almost dead.
Robin hits you with a +0 falchion.
* * * LOW HITPOINT WARNING * * *
Robin hits you with a +0 falchion.
You die...

### #.. #.#
###.# #...##
#.... #..g#
#.@# #.<#
#.......)....
#.#######.#.#
#


You could see Robin.

Vanquished Creatures
  2 ball pythons (D:1)
  2 endoplasms (D:1)
  9 goblins (D:1)
  10 hobgoblins (D:1)
  A quokka (D:1)
  A frilled lizard (D:1)
  A kobold (D:1)
  2 rats (D:1)
28 creatures vanquished.

Vanquished Creatures (others)
  2 plants (D:1)
  4 withered plants (D:1)
6 creatures vanquished.

Grand Total: 34 creatures vanquished

Notes
Turn   | Place    | Note
-------+----------+-------------------------------------------
     0 | D:1      | Artool the Demonspawn Gladiator began the quest for the
                  | Orb.
     0 | D:1      | Reached XP level 1. HP: 16/16 MP: 1/1
    61 | D:1      | Found a faded altar of an unknown god.
    78 | D:1      | Gained mutation: You are partially covered in slimy green
                  | scales. (AC +2) [demonic ancestry]
    78 | D:1      | Reached XP level 2. HP: 16/22 MP: 2/2
  1005 | D:2      | Noticed Robin
  1120 | D:1      | Reached XP level 3. HP: 28/28 MP: 3/3
  1124 | D:1      | Reached skill level 1 in Armour
  1149 | D:2      | Slain by Robin

Illustrated notes

Levels and vault maps discovered:
D:1:      lightli_arrival_statue_moat, layout_basic,
          shapermc_ecumenical_altar_flowoftime
D:2:      layout_loops_ring, basic_altar, uniq_robin

Skill      XL: |  1  2  3 |
---------------+----------+-----
Throwing       | 2 |  2.0
Maces & Flails | 3 |  3.0
Dodging        | 3 |  3.0
Armour         | 1 |  1.0
Fighting       | |  2.4

Action                   || total
-------------------------++-------
Melee: Flail             ||    95
  Use: Potion            ||     1
 Stab: Sleeping          ||     1
Armor: Leather armour    ||    28
Dodge: Dodged            ||    50
